AoeStats
← GUNGORYES

Black Forest

507822056Analyzed
4v4 RM · 11d ago on Sep 19, 2026· 56m 43s· 8 players
Game mode
Random Map
Map size
Large (8 player)
Population
200
Speed
Normal
Resources
Standard
Victory
Conquest
Starting age
Dark Age
Ending age
Imperial Age
RankedLock teamsTeams togetherTeam positionsShared explorationLock speedFull tech treeHidden civsTurbo modeCheats
Victory
Defeat
🇧🇷 Khmer · Brazil
831
+11
🇹🇷 Portuguese · Türkiye
811
+12
🇹🇷 Khmer · Türkiye
811
+12
🇹🇷 Turks · Türkiye
740
+15
🇪🇸 Slavs · Spain
754
-14
🇩🇪 Romans · Germany
729
-13
🇹🇷 Cumans · Türkiye
706
-12
683
-11
Pr8feSS8r
4:42 Loom
Halisker
1:07 Loom
13:50 Feudal Age
14:25 Horse Collar
14:33 Double-Bit Axe
16:33 Fishing Lines
17:50 Man-at-Arms
22:22 Scale Mail Armor
27:41 Forging
30:48 Castle Age
30:53 Fletching
31:08 Scale Barding Armor
30:56 Gold Mining
30:56 Stone Mining
31:41 Heavy Plow
31:53 Bow Saw
32:02 Chain Mail Armor
32:12 Long Swordsman
32:13 Pikeman
32:54 Squires
37:27 Iron Casting
37:06 Caravan
38:07 Fortified Wall
38:08 Masonry
38:19 Ballistics
38:13 Fervor
39:57 Ballistas
40:08 Murder Holes
40:11 Bodkin Arrow
40:36 Chain Barding Armor
44:15 Imperial Age
42:21 Wheelbarrow
41:31 Town Watch
42:58 Bloodlines
42:48 Husbandry
44:33 Legionary
47:26 Blast Furnace
46:56 Capped Ram
48:44 Conscription
49:34 Halberdier
54:20 Comitatenses
etlipilav4381
12:24 Feudal Age
15:36 Double-Bit Axe
15:37 Horse Collar
23:30 Castle Age
22:11 Wheelbarrow
23:40 Stone Mining
23:41 Gold Mining
25:29 Bow Saw
28:37 Gold Shaft Mining
35:34 Imperial Age
33:25 Hand Cart
38:25 Two-Man Saw
37:29 Heavy Plow
37:49 Bloodlines
37:01 Cavalier
39:16 Forging
39:12 Scale Barding Armor
38:45 Paladin
41:37 Chain Barding Armor
41:53 Iron Casting
44:45 Plate Barding Armor
44:58 Elite Steppe Lancer
Máfia - so porradao de longe!
1:05 Loom
17:00 Feudal Age
19:15 Wheelbarrow
18:30 Double-Bit Axe
18:30 Horse Collar
22:01 Stone Mining
22:02 Gold Mining
22:08 Town Watch
32:52 Castle Age
31:04 Man-at-Arms
31:30 Arson
31:48 Scale Mail Armor
31:58 Forging
31:39 Fletching
31:50 Padded Archer Armor
34:01 Bow Saw
34:11 Hand Cart
33:58 Heavy Plow
34:38 Town Patrol
35:27 Squires
35:58 Fortified Wall
35:52 Long Swordsman
36:19 Gambesons
37:32 Pikeman
38:12 Elite Skirmisher
20072007
0:29 Loom
15:51 Feudal Age
21:31 Castle Age
19:32 Double-Bit Axe
19:51 Horse Collar
20:33 Gold Mining
21:47 Wheelbarrow
21:55 Stone Mining
22:51 Bow Saw
22:45 Heavy Plow
25:17 Hand Cart
29:37 Gold Shaft Mining
32:36 Imperial Age
42:22 Crop Rotation
44:10 Double Crossbow
44:54 Padded Archer Armor
45:05 Forging
50:06 Leather Archer Armor
50:24 Elite Skirmisher
52:48 Ring Archer Armor
51:45 Crossbowman
52:55 Pikeman
53:14 Man-at-Arms
53:57 Capped Ram
54:55 Fletching
55:10 Scale Barding Armor
55:00 Halberdier
55:21 Cavalier
56:01 Husbandry
56:13 Bodkin Arrow
GUNGORYES
0:35 Loom
20:11 Feudal Age
21:31 Wheelbarrow
22:06 Double-Bit Axe
22:04 Horse Collar
25:48 Bloodlines
26:29 Stone Mining
29:30 Gold Mining
31:45 Castle Age
33:34 Hand Cart
33:44 Caravan
34:16 Bow Saw
34:50 Stone Shaft Mining
38:07 Coinage
39:11 Town Watch
40:00 Heavy Plow
41:58 Town Patrol
47:23 Imperial Age
45:16 Husbandry
46:01 Scale Barding Armor
45:57 Scale Mail Armor
45:57 Padded Archer Armor
45:47 Fletching
46:08 Forging
48:28 Chain Barding Armor
48:23 Chain Mail Armor
49:42 Chemistry
48:31 Elite Organ Gun
48:39 Cavalier
yesilyurt29
0:32 Loom
15:28 Feudal Age
16:49 Wheelbarrow
16:05 Double-Bit Axe
16:07 Horse Collar
19:29 Castle Age
20:36 Hand Cart
20:35 Heavy Plow
20:51 Bow Saw
23:26 Gold Mining
23:29 Stone Mining
27:25 Caravan
32:56 Imperial Age
31:17 Gold Shaft Mining
33:01 Tusk Swords
33:44 Double Crossbow
34:05 Conscription
35:02 Chemistry
34:14 Forging
34:53 Crop Rotation
34:11 Capped Ram
36:01 Iron Casting
35:27 Scale Mail Armor
35:49 Ballistics
35:55 Heavy Scorpion
37:07 Siege Ram
44:59 Blast Furnace
44:14 Chain Mail Armor
44:05 Scale Barding Armor
44:01 Padded Archer Armor
43:52 Fletching
52:07 Elite Battle Elephant
ysf5353
0:26 Loom
15:10 Feudal Age
18:32 Wheelbarrow
17:42 Town Watch
17:50 Gold Mining
17:43 Horse Collar
18:38 Fishing Lines
22:10 Double-Bit Axe
25:07 Fletching
25:18 Scale Mail Armor
25:23 Scale Barding Armor
25:19 Padded Archer Armor
25:29 Forging
28:07 Castle Age
26:13 Padded Archer Armor
29:03 Bow Saw
28:46 Gillnets
29:13 Caravan
30:41 Forging
30:27 Bodkin Arrow
30:48 Chain Mail Armor
30:49 Leather Archer Armor
30:39 Scale Barding Armor
32:06 Fortified Wall
31:47 Heated Shot
31:55 Murder Holes
32:39 Iron Casting
32:30 Hand Cart
32:16 Town Patrol
33:54 Gold Shaft Mining
33:09 Stone Mining
33:28 Heavy Plow
38:32 Imperial Age
39:28 Sipahi
39:33 Conscription
38:39 Capped Ram
39:47 Chain Barding Armor
42:20 Masonry
41:50 Treadmill Crane
42:22 Artillery
41:53 Sappers
42:08 Man-at-Arms
42:49 Squires
42:34 Arson
46:04 Ballistics
45:35 Guard Tower
47:03 Two-Man Saw
48:06 Hoardings
51:05 Blast Furnace
50:05 Bracer
50:36 Plate Mail Armor
50:36 Ring Archer Armor
50:42 Plate Barding Armor
49:56 Arrowslits
50:43 Architecture
56:20 Elite Janissary
Connection lost

Rejoining the realm…

Still unreachable

The connection could not be restored.

Session expired

The server has moved on; the page needs a fresh start.